 Dungeon Crawl Stone Soup version 0.27-b1-23-g44b8eac545 (webtiles) character file.

Game seed: 16776093142792574891

44 seveneves the Shield-Bearer (level 3, -5/33 HPs)
             Began as a Minotaur Fighter on July 27, 2021.
             Slain by a gnoll (8 damage)
             ... on level 3 of the Dungeon.
             The game lasted 00:05:44 (1442 turns).

seveneves the Shield-Bearer (Minotaur Fighter)      Turns: 1442, Time: 00:05:46

Health: -5/33      AC:  7    Str: 21    XL:     3   Next: 39%
Magic:  2/2        EV:  7    Int:  5    God:
Gold:   97         SH:  9    Dex:  9    Spells: 2/2 levels left

rFire    . . .     SeeInvis .   h - +1 whip (venom)
rCold    . . .     Faith    .   c - +0 kite shield
rNeg     . . .     Spirit   .   b - +0 scale mail
rPois    .         Reflect  .   (helmet restricted)
rElec    .         Harm     .   (no cloak)
rCorr    .         Rampage  .   (no gloves)
Will     .....                  (no boots)
Stlth    ..........             (no amulet)
HPRegen  0.11/turn              (no ring)
MPRegen  0.08/turn              (no ring)

@: no status effects
A: horns 2, retaliatory headbutt
a: no special abilities


You were on level 3 of the Dungeon.
You visited 1 branch of the dungeon, and saw 3 of its levels.

You collected 97 gold pieces.

Inventory:

Hand Weapons
 a - a +0 long sword
 h - a +1 whip of venom (weapon)
Armour
 b - a +0 scale mail (worn)
 c - a +0 kite shield (worn)
Scrolls
 e - a scroll of enchant weapon {unknown}
 g - a scroll of fear {unknown}
 j - a scroll of identify {unknown}
Potions
 d - a potion of might
 f - a potion of curing {unknown}
 i - a potion of flight {unknown}


   Skills:
 + Level 4.0 Fighting
 + Level 3.1 Long Blades
 + Level 0.1 Maces & Flails
 + Level 4.1 Armour
 + Level 4.3 Shields


You had 2 spell levels left.
You didn't know any spells.
Your spell library was empty.

Dungeon Overview and Level Annotations

Branches:
Dungeon (3/15)

Altars:


Innate Abilities, Weirdness & Mutations

You have a pair of horns on your head.
You reflexively headbutt those who attack you in melee.


Message History

2 frilled lizards come into view.
The frilled lizard hisses angrily.
A gnoll comes into view. It is wielding a +0 whip.
A gnoll comes into view. It is wielding a +0 club.
The gnoll shouts! x2
Found 18 gold pieces.
You closely miss the frilled lizard.
Your headbutt misses the frilled lizard.
A gnoll comes into view. It is wielding a +0 spear.
The frilled lizard bites you but does no damage.
The gnoll shouts!
You whack the frilled lizard!
You kill the frilled lizard!
You block the frilled lizard's attack. The frilled lizard barely misses you.
The gnoll barely misses you.
You hit the gnoll.
The gnoll is poisoned.
The gnoll is moderately wounded.
The frilled lizard bites you. The gnoll hits you with a +0 whip.
You whack the frilled lizard!
You kill the frilled lizard!
The gnoll hits you with a +0 whip. The gnoll hits you with a +0 club.
You completely miss the gnoll.
The gnoll is moderately wounded.
The gnoll hits you with a +0 whip. The gnoll barely misses you.
The gnoll hits you with a +0 club. The gnoll hits you with a +0 whip.
You hit the gnoll.
The gnoll is heavily wounded.
The gnoll hits you from afar with a +0 spear.
The gnoll hits you with a +0 club.
* * * LOW HITPOINT WARNING * * *
You block the gnoll's attack.
You closely miss the gnoll. Your headbutt misses the gnoll.
The gnoll is heavily wounded.
You barely miss the gnoll. You headbutt the gnoll.
The gnoll is severely wounded.
You block the gnoll's attack. The gnoll barely misses you.
You block the gnoll's attack. The gnoll hits you with a +0 club.
* * * LOW HITPOINT WARNING * * *
The gnoll hits you with a +0 whip!
You die...

.#.........#...<....#
...........#........#
#.......#.##.....#
................##
###########...# ##..#
. #..# ....####..#
.$....g@..#
.......g.>..#
###..g....#.#
#.......#.# #........
# .........##
#....###### #..^.


You could see 3 gnolls.

Vanquished Creatures
  An adder (D:2)
  5 ball pythons
  5 bats
  An endoplasm (D:1)
  2 giant cockroaches
  4 goblins
  3 hobgoblins (D:1)
  2 quokkas
  5 frilled lizards
  3 kobolds
  A rat (D:1)
32 creatures vanquished.

Notes
Turn   | Place    | Note
-------+----------+-------------------------------------------
     0 | D:1      | seveneves the Minotaur Fighter began the quest for the Orb.
     0 | D:1      | Reached XP level 1. HP: 19/19 MP: 0/0
   374 | D:1      | Found a faded altar of an unknown god.
   503 | D:1      | Reached XP level 2. HP: 19/27 MP: 1/1
   861 | D:2      | Reached XP level 3. HP: 33/33 MP: 2/2
  1442 | D:3      | Slain by a gnoll

Illustrated notes

Levels and vault maps discovered:
D:1:      lemuel_arrival_broad_hall, layout_basic,
          shapermc_ecumenical_altar_starsandcircs
D:2:      layout_loops_ring, minmay_split_cup_large
D:3:      layout_basic, brannock_xom_greatest_gift,
          cheibrodos_sewer_entry_drain, gammafunk_ghost_necromancy,
          minmay_misc_feat_encased

Skill      XL: |  1  2  3 |
---------------+----------+-----
Shields        | 4 |  4.3
Armour         | 4 |  4.1
Fighting       | 4 |  4.0
Long Blades    | 3 |  3.1
Maces & Flails | |  0.1

Action                   || total
-------------------------++-------
Melee: Long sword        ||    39
       Headbutt          ||    12
       Whip              ||    25
Armor: Scale mail        ||    25
Dodge: Dodged            ||    20
Block: Kite shield       ||    21
       Rpst.: Long sword ||     3
